Map: 瑟拉斯废墟

Players

david - Winner!

  • Race: Zerg Zerg
  • League: Gold

shengy

  • Race: Zerg Zerg
  • League: Platinum

VOD

Have the link to the VOD?

Description

Time

  • Played on: Dec. 24, 2015, 4:57 p.m.
  • Length: 2:17
Show
View Real Time Build Order
Export as new Build Order

david Zerg - Winner!

Build Orders: Pool Only 

Get SALT Encoding   

  12  0:01  Drone  
  13  0:08  Drone  
  14  0:29  Spawning Pool  
  14  0:32  Drone  
  14  0:37  Extractor  
  14  0:38  Drone  
  14  0:48  Overlord  
  14  1:06  Drone  
  14  1:07  Drone x2  
  17  1:17  Queen  
  19  1:19  Zergling x2  
  20  1:29  Zergling x2  
  21  1:39  Zergling x2  
  22  1:58  Baneling Nest  
Show
View Real Time Build Order
Export as new Build Order

shengy Zerg 

Build Orders: Pool Only 

Get SALT Encoding   

  12  0:01  Drone  
  13  0:23  Spawning Pool  
  12  0:33  Drone  
  12  0:34  Drone  
  14  0:41  Overlord  
  14  0:51  Extractor  
  13  1:10  Zergling x4  
  13  1:11  Zergling x2  
  16  1:12  Queen  
  18  1:22  Zergling x2  
  19  1:44  Zergling x2  
  19  1:45  Zergling x2  
Tags
 
Add a new tag
Caveats
  • Supply blocks, unpowered buildings, or Contaminate may cause inaccurate times.
  • Supply counts are checked every 10 seconds.